Blues vs Predators

Created - November 22, 2025 at 23:07

Goals
1 2 3 T
Blues 1 1 0 2
Predators 0 2 1 3
Shots
1 2 3 T
Blues 6 14 10 30
Predators 7 11 8 26

1st period

1. Blues , Alexander Kerfoot 5 (Ethan Bear 2, Filip Forsberg 5) at 0:14

Penalties :
Jordan Kyrou (Stl) for Slashing (Minor) at 7:04, Justin Faulk (Nas) for Tripping (Minor) at 12:44, Claude Giroux (Nas) for Delaying the game (Minor) at 18:57

2nd period

2. Predators , Reilly Smith 4 (Jaden Schwartz 4, Justin Faulk 4) at 7:06
3. Predators , Claude Giroux 3 (Jack Eichel 4) at 9:54 (PP)
4. Blues , Filip Forsberg 2 (Alexander Kerfoot 5) at 19:53 (PP)

Penalties :
Nikolaj Ehlers (Stl) for Hooking (Minor) at 1:34, Henri Jokiharju (Stl) for High sticking (Double Minor) at 9:50, Justin Faulk (Nas) for High sticking (Minor) at 10:14, Andy Miele (Nas) for Tripping (Minor) at 19:49

3rd period

5. Predators , Reilly Smith 5 (Jaden Schwartz 5, Travis Dermott 3) at 7:28

Penalties :
Tyler Toffoli (Stl) for Cross-checking (Minor) at 3:01, Joachim Blichfeld (Stl) for Interference (Minor) at 12:47

Goalie Stats

Laurent Brossoit (Stl), 23 saves from 26 shots - (0.885), L, 1-2-0, 58:55 minutes
Felix Sanstrom (Nas), 28 saves from 30 shots - (0.933), W, 2-3-0, 60:00 minutes

Players Stats for Blues

Player Name              G  A  P  +/- PIM S  H  SB GA TA FO     MP     PP MP  PK MP  
------------------------------------------------------------------------------------
Alexander Kerfoot        1  1  2   1  0   6  2  2  0  1  15/29  20:05   2:22   0:00 
Cody Ceci                0  0  0   0  0   1  1  2  2  0  0/0    21:33   0:18   5:16 
Dominik Simon            0  0  0  -2  0   2  3  0  2  0  0/0    16:08   2:00   1:52 
Ethan Bear               0  1  1   0  0   1  1  2  1  1  0/0    19:28   0:00   0:00 
Filip Forsberg           1  1  2   1  0   3  0  1  1  1  0/0    19:56   2:22   0:00 
Henri Jokiharju          0  0  0   0  4   2  2  0  0  0  0/0    18:17   1:41   3:04 
Jeremy Lauzon            0  0  0  -1  0   1  3  1  0  2  0/0    17:33   2:29   3:04 
Joachim Blichfeld        0  0  0   0  2   2  1  0  1  0  0/0     9:25   0:00   0:00 
Jordan Kyrou             0  0  0  -2  2   3  0  0  2  0  0/0    14:29   2:28   0:00 
Josh Morrissey           0  0  0  -1  0   0  1  2  0  0  0/0    20:44   1:53   5:16 
Jujhar Khaira            0  0  0   0  0   1  1  0  0  0  0/2    12:26   0:00   3:05 
Nikolaj Ehlers           0  0  0   1  2   2  2  0  0  1  0/1    19:02   1:54   0:00 
Pierre Engvall           0  0  0   0  0   0  0  0  1  0  1/1    12:36   0:00   4:32 
Rourke Chartier          0  0  0   0  0   1  1  0  0  0  0/0     9:28   0:00   1:36 
Seth Jones               0  0  0   0  0   2  0  0  1  1  0/0    22:30   2:29   0:00 
Tyler Toffoli            0  0  0  -2  2   2  0  0  2  1  10/19  17:30   1:54   3:29 
Vincent Trocheck         0  0  0   0  0   1  3  0  1  0  1/3    11:08   0:00   2:06 
Wayne Simmonds           0  0  0   0  0   0  0  0  0  0  0/1     7:38   0:00   0:00 

Players Stats for Predators

Player Name              G  A  P  +/- PIM S  H  SB GA TA FO     MP     PP MP  PK MP  
------------------------------------------------------------------------------------
Alexander Ovechkin       0  0  0   0  0   0  2  0  0  0  0/0    13:50   3:43   0:25 
Andreas Englund          0  0  0   1  0   0  2  0  1  1  0/0    13:41   0:00   1:50 
Andy Miele               0  0  0   0  2   2  2  0  0  0  5/8    10:13   0:00   0:01 
Claude Giroux            1  0  1  -1  2   4  2  0  1  0  1/3    20:08   4:34   0:39 
Jack Eichel              0  1  1  -1  0   1  2  1  0  1  13/30  19:28   4:34   0:00 
Jaden Schwartz           0  2  2   2  0   2  0  0  3  1  1/3    18:05   0:03   2:38 
John Moore               0  0  0   0  0   3  0  0  0  2  0/0    21:20   2:39   1:32 
Justin Faulk             0  1  1   0  4   0  2  0  0  6  0/0    25:40   5:40   1:18 
Mark Pysyk               0  0  0   0  0   1  0  0  0  0  0/1    11:02   0:03   2:47 
Markus Granlund          0  0  0   0  0   0  0  0  0  0  1/1     6:24   0:00   0:00 
Mathieu Joseph           0  0  0   0  0   2  1  0  2  0  2/2    11:12   0:06   1:00 
Mikael Granlund          0  0  0  -1  0   4  1  0  0  0  0/0    19:28   4:34   0:00 
Morgan Rielly            0  0  0   1  0   1  0  1  0  0  0/0    11:44   0:00   0:18 
Nicolas Kerdiles         0  0  0   0  0   1  0  0  1  1  0/0     7:54   0:00   1:14 
Reilly Smith             2  0  2   2  0   3  0  0  0  0  1/1    17:54   3:43   0:00 
Ryan Mcdonagh            0  0  0   0  0   0  1  3  0  1  0/0    27:41   5:41   2:32 
Scott Laughton           0  0  0   2  0   0  0  2  0  1  5/7    17:51   3:40   0:00 
Travis Dermott           0  1  1   0  0   2  1  2  0  0  0/0    20:20   2:39   1:14 

3 Stars

1 - Reilly Smith (Nas)
2 - Alexander Kerfoot (Stl)
3 - Filip Forsberg (Stl)

Power Play

Blues - 1 on 4 Attempt(s) - 25.00%
Predators - 1 on 6 Attempt(s) - 16.67%

Penalty Kill

Blues - 5 on 6 Attempt(s) - 83.33% - Score 0 goal in Penalty Kill
Predators - 3 on 4 Attempt(s) - 75.00% - Score 0 goal in Penalty Kill

Team Stat

Blues - Hits : 21 - Faceoff Wins : 27 - Blocked Shots : 10 - Penalty Minutes : 12
Predators - Hits : 16 - Faceoff Wins : 29 - Blocked Shots : 9 - Penalty Minutes : 8

Official

Referees : Brandon Schrader and Dean Morton
Linesman : Scott Cherrey and Tony Sericolo

Game Notes

No Game Note

Finance

Level 1 -- Attendance: 6000 (100.00%) -- Ticket Income $600,000
Level 2 -- Attendance: 4718 (94.36%) -- Ticket Income $330,260
Level 3 -- Attendance: 1995 (99.75%) -- Ticket Income $79,800
Level 4 -- Attendance: 4000 (100.00%) -- Ticket Income $120,000
Luxury Box -- Attendance: 1000 (100.00%) -- Ticket Income $200,000
Game was played at the Bridgestone arena.
Total Attendance: 17713 (98.41%)
Total Ticket Income: $1,330,060
Other Income: $199,509
Total Income: $1,529,569

Blues

5 vs 5 Forward 
   Center                   Left Wing                Right Wing               Time % Phy DF OF 
 1 Alexander Kerfoot        Filip Forsberg           Nikolaj Ehlers           40     0   2  3  
 2 Tyler Toffoli            Dominik Simon            Jordan Kyrou             30     0   2  3  
 3 Vincent Trocheck         Jujhar Khaira            Joachim Blichfeld        20     1   2  2  
 4 Rourke Chartier          Pierre Engvall           Wayne Simmonds           10     0   3  2  

5 vs 5 Defense 
   Defense                  Defense                                           Time % Phy DF OF 
 1 Seth Jones               Ethan Bear                                        40     1   2  2  
 2 Henri Jokiharju          Cody Ceci                                         30     1   2  2  
 3 Josh Morrissey           Jeremy Lauzon                                     20     1   2  2  
 4 Josh Morrissey           Cody Ceci                                         10     1   2  2  

PowerPlay Forward 
   Center                   Left Wing                Right Wing               Time % Phy DF OF 
 1 Alexander Kerfoot        Filip Forsberg           Jordan Kyrou             60     0   2  3  
 2 Tyler Toffoli            Dominik Simon            Nikolaj Ehlers           40     0   2  3  

PowerPlay Defense
   Defense                  Defense                                           Time % Phy DF OF 
 1 Seth Jones               Jeremy Lauzon                                     60     0   2  3  
 2 Henri Jokiharju          Josh Morrissey                                    40     0   2  3  

Penalty Kill 4 Players Forward 
   Center                   Wing                     Time % Phy DF OF 
 1 Tyler Toffoli            Pierre Engvall           60     1   3  1  
 2 Vincent Trocheck         Jujhar Khaira            40     1   3  1  

Penalty Kill 4 Players Defense
   Defense                  Defense                  Time % Phy DF OF 
 1 Cody Ceci                Josh Morrissey           60     1   2  2  
 2 Jeremy Lauzon            Henri Jokiharju          40     1   2  2  

Penalty Kill - 3 Players Forward 
   Forward                                           Time % Phy DF OF 
 1 Pierre Engvall                                    60     1   2  2  
 2 Tyler Toffoli                                     40     1   2  2  

Penalty Kill - 3 Players Defense
   Defense                  Defense                  Time % Phy DF OF 
 1 Cody Ceci                Henri Jokiharju          60     1   2  2  
 2 Jeremy Lauzon            Josh Morrissey           40     1   2  2  

4 vs 4 Forward 
   Center                   Wing                     Time % Phy DF OF 
 1 Alexander Kerfoot        Filip Forsberg           60     1   2  2  
 2 Tyler Toffoli            Nikolaj Ehlers           40     1   2  2  

4 vs 4 Defense
   Defense                  Defense                  Time % Phy DF OF 
 1 Seth Jones               Ethan Bear               60     1   2  2  
 2 Cody Ceci                Henri Jokiharju          40     1   2  2  

Last Minutes Offensive
   Center                   Left Wing                Right Wing               Defense                  Defense                  
   Alexander Kerfoot        Filip Forsberg           Nikolaj Ehlers           Seth Jones               Jeremy Lauzon            

Last Minutes Defensive
   Center                   Left Wing                Right Wing               Defense                  Defense                  
   Tyler Toffoli            Jujhar Khaira            Wayne Simmonds           Seth Jones               Cody Ceci                

Goaltenders
Starting : Laurent Brossoit         
Backup : Jake Oettinger           

Extra Forwards
Normal : Jordan Kyrou, Nikolaj Ehlers, Alexander Kerfoot - PP : Rourke Chartier, Joachim Blichfeld - PK : Jujhar Khaira
Extra Defensemen
Normal : Cody Ceci, Josh Morrissey, Seth Jones - PP : Cody Ceci - PK : Seth Jones, Josh Morrissey
Penalty Shots
Jordan Kyrou, Rourke Chartier, Filip Forsberg, Joachim Blichfeld, Vincent Trocheck
Custom OT Lines Forwards
Filip Forsberg, Alexander Kerfoot, Wayne Simmonds, Nikolaj Ehlers, Tyler Toffoli, Jordan Kyrou, Vincent Trocheck, Jujhar Khaira, Joachim Blichfeld, Dominik Simon
Custom OT Lines Defensemen
Seth Jones, Henri Jokiharju, Josh Morrissey, Ethan Bear, Cody Ceci

Scratches
Andrew Shaw (Healthy), David Perron (Healthy), Drew Shore (Healthy), Travis Sanheim (Torn Left MCL Injury)

Predators

5 vs 5 Forward 
   Center                   Left Wing                Right Wing               Time % Phy DF OF 
 1 Jack Eichel              Claude Giroux            Mikael Granlund          40     1   2  2  
 2 Scott Laughton           Jaden Schwartz           Reilly Smith             30     1   2  2  
 3 Andy Miele               Alexander Ovechkin       Mathieu Joseph           20     1   2  2  
 4 Markus Granlund          Nicolas Kerdiles         Mark Pysyk               10     1   2  2  

5 vs 5 Defense 
   Defense                  Defense                                           Time % Phy DF OF 
 1 Ryan Mcdonagh            Justin Faulk                                      40     1   2  2  
 2 John Moore               Travis Dermott                                    30     1   2  2  
 3 Andreas Englund          Morgan Rielly                                     20     1   2  2  
 4 Ryan Mcdonagh            Justin Faulk                                      10     1   2  2  

PowerPlay Forward 
   Center                   Left Wing                Right Wing               Time % Phy DF OF 
 1 Jack Eichel              Claude Giroux            Mikael Granlund          60     1   1  3  
 2 Scott Laughton           Alexander Ovechkin       Reilly Smith             40     1   1  3  

PowerPlay Defense
   Defense                  Defense                                           Time % Phy DF OF 
 1 Ryan Mcdonagh            Justin Faulk                                      60     1   2  2  
 2 John Moore               Travis Dermott                                    40     1   2  2  

Penalty Kill 4 Players Forward 
   Center                   Wing                     Time % Phy DF OF 
 1 Jaden Schwartz           Mark Pysyk               60     1   3  1  
 2 Claude Giroux            Nicolas Kerdiles         40     1   2  2  

Penalty Kill 4 Players Defense
   Defense                  Defense                  Time % Phy DF OF 
 1 Ryan Mcdonagh            Justin Faulk             60     1   2  2  
 2 John Moore               Andreas Englund          40     1   2  2  

Penalty Kill - 3 Players Forward 
   Forward                                           Time % Phy DF OF 
 1 Mark Pysyk                                        60     1   2  2  
 2 Claude Giroux                                     40     1   2  2  

Penalty Kill - 3 Players Defense
   Defense                  Defense                  Time % Phy DF OF 
 1 Ryan Mcdonagh            Justin Faulk             60     1   3  1  
 2 John Moore               Andreas Englund          40     1   3  1  

4 vs 4 Forward 
   Center                   Wing                     Time % Phy DF OF 
 1 Jack Eichel              Mikael Granlund          60     1   2  2  
 2 Andy Miele               Claude Giroux            40     1   2  2  

4 vs 4 Defense
   Defense                  Defense                  Time % Phy DF OF 
 1 Ryan Mcdonagh            Justin Faulk             60     1   2  2  
 2 John Moore               Travis Dermott           40     1   2  2  

Last Minutes Offensive
   Center                   Left Wing                Right Wing               Defense                  Defense                  
   Jack Eichel              Alexander Ovechkin       Mikael Granlund          Ryan Mcdonagh            Justin Faulk             

Last Minutes Defensive
   Center                   Left Wing                Right Wing               Defense                  Defense                  
   Andy Miele               Claude Giroux            Mark Pysyk               Ryan Mcdonagh            Justin Faulk             

Goaltenders
Starting : Felix Sanstrom           
Backup : Andrei Vasilevskiy       

Extra Forwards
Normal : Alexander Ovechkin, Andy Miele, Mark Pysyk - PP : Claude Giroux, Mathieu Joseph - PK : Mathieu Joseph
Extra Defensemen
Normal : John Moore, Travis Dermott, Andreas Englund - PP : Morgan Rielly - PK : Travis Dermott, Morgan Rielly
Penalty Shots
Mikael Granlund, Claude Giroux, Jack Eichel, Jaden Schwartz, Mark Pysyk
Custom OT Lines Forwards
Mikael Granlund, Claude Giroux, Jack Eichel, Jaden Schwartz, Mark Pysyk, Reilly Smith, Alexander Ovechkin, Andy Miele, Nicolas Kerdiles, Scott Laughton
Custom OT Lines Defensemen
John Moore, Justin Faulk, Ryan Mcdonagh, Andreas Englund, Travis Dermott

Scratches
Gerald Mayhew (Healthy)

% Time on Ice - Blues

Lines # - Real PCT - Wanted PCT - Time Play
Normal Forward
1 - 36% - 40% - 16:11
2 - 26% - 30% - 11:41
3 - 20% - 20% - 9:00
4 - 17% - 10% - 7:38
Normal Defense
1 - 40% - 40% - 17:41
2 - 31% - 30% - 13:44
3 - 21% - 20% - 9:22
4 - 8% - 10% - 3:43
PP Forward
1 - 56% - 60% - 2:28
2 - 44% - 40% - 1:54
PP Defense
1 - 57% - 60% - 2:29
2 - 43% - 40% - 1:53
PK Forward
1 - 77% - 60% - 6:24
2 - 23% - 40% - 1:56
PK Defense
1 - 63% - 60% - 5:16
2 - 37% - 40% - 3:04
PK3 Forward
1 - 0% - 60%
2 - 0% - 40%
PK3 Defense
1 - 0% - 60%
2 - 0% - 40%
44 Forward
1 - 78% - 60% - 1:17
2 - 22% - 40% - 0:22
44 Defense
1 - 74% - 60% - 1:13
2 - 26% - 40% - 0:26
Last Minute Offensive  - 1:09
Last Minute Defensive  - 0:00
Total
Forward - 60:00
Defense - 60:00

% Time on Ice - Predators

Lines # - Real PCT - Wanted PCT - Time Play
Normal Forward
1 - 33% - 40% - 14:51
2 - 34% - 30% - 15:26
3 - 19% - 20% - 8:42
4 - 14% - 10% - 6:24
Normal Defense
1 - 38% - 40% - 17:25
2 - 36% - 30% - 16:24
3 - 25% - 20% - 11:21
4 - 0% - 10% - 0:13
PP Forward
1 - 55% - 60% - 4:37
2 - 45% - 40% - 3:43
PP Defense
1 - 68% - 60% - 5:41
2 - 32% - 40% - 2:39
PK Forward
1 - 72% - 60% - 3:08
2 - 28% - 40% - 1:14
PK Defense
1 - 65% - 60% - 2:50
2 - 35% - 40% - 1:32
PK3 Forward
1 - 0% - 60%
2 - 0% - 40%
PK3 Defense
1 - 0% - 60%
2 - 0% - 40%
44 Forward
1 - 78% - 60% - 1:17
2 - 22% - 40% - 0:22
44 Defense
1 - 100% - 60% - 1:39
2 - 0% - 40% - 0:00
Last Minute Offensive  - 0:00
Last Minute Defensive  - 0:16
Total
Forward - 60:00
Defense - 60:00

Play-by-Play

1st period


0:01 of 1st period - Alexander Kerfoot wins face-off versus Jack Eichel in neutral zone.
0:08 of 1st period - Snap shot by Filip Forsberg.
0:08 of 1st period - Shot Misses the Net.
0:10 of 1st period - Slapshot by Ethan Bear.
0:10 of 1st period - Stopped by Felix Sanstrom with a rebound.
0:12 of 1st period - Snap shot by Ethan Bear.
0:12 of 1st period - Shot Blocked by Ryan Mcdonagh.
0:14 of 1st period - Slapshot by Alexander Kerfoot.
0:14 of 1st period - Goal by Alexander Kerfoot - Blues : 1 - Predators : 0.
0:15 of 1st period - Tyler Toffoli wins face-off versus Scott Laughton in neutral zone.
0:26 of 1st period - Wrist shot by Dominik Simon.
0:26 of 1st period - Shot Misses the Net.
0:50 of 1st period - Slapshot by Mathieu Joseph.
0:50 of 1st period - Shot Blocked by Cody Ceci.
1:37 of 1st period - Snap shot by Nicolas Kerdiles.
1:37 of 1st period - Shot Blocked by Josh Morrissey.
1:39 of 1st period - Slapshot by Nicolas Kerdiles.
1:39 of 1st period - Stopped by Laurent Brossoit without a rebound.
1:40 of 1st period - Reilly Smith wins face-off versus Tyler Toffoli in Blues zone.
2:28 of 1st period - Vincent Trocheck is hit by Andreas Englund and loses puck.
2:57 of 1st period - Snap shot by Rourke Chartier.
2:57 of 1st period - Shot Blocked by Ryan Mcdonagh.
3:43 of 1st period - Wrist shot by Nikolaj Ehlers.
3:43 of 1st period - Shot Blocked by Scott Laughton.
4:21 of 1st period - Seth Jones is hit by Justin Faulk and loses puck.
4:30 of 1st period - Snap shot by Mark Pysyk.
4:30 of 1st period - Stopped by Laurent Brossoit without a rebound.
4:31 of 1st period - Jack Eichel wins face-off versus Alexander Kerfoot in Blues zone.
4:32 of 1st period - Slapshot by Mikael Granlund.
4:32 of 1st period - Shot Blocked by Alexander Kerfoot.
4:42 of 1st period - Wrist shot by Jack Eichel.
4:42 of 1st period - Stopped by Laurent Brossoit without a rebound.
4:43 of 1st period - Alexander Kerfoot wins face-off versus Jack Eichel in Blues zone.
5:17 of 1st period - Snap shot by Mathieu Joseph.
5:17 of 1st period - Stopped by Laurent Brossoit with a rebound.
6:17 of 1st period - Snap shot by Jack Eichel.
6:17 of 1st period - Shot Misses the Net.
6:29 of 1st period - Wayne Simmonds is hit by Claude Giroux and loses puck.
6:46 of 1st period - Slapshot by Jaden Schwartz.
6:46 of 1st period - Stopped by Laurent Brossoit without a rebound.
6:47 of 1st period - Scott Laughton wins face-off versus Tyler Toffoli in Blues zone.
6:50 of 1st period - Snap shot by Scott Laughton.
6:50 of 1st period - Deflect By Jaden Schwartz.
6:50 of 1st period - Shot Blocked by Josh Morrissey.
6:50 of 1st period - Puck is out of play.
6:51 of 1st period - Jack Eichel wins face-off versus Tyler Toffoli in Blues zone.
7:02 of 1st period - Snap shot by Jack Eichel.
7:02 of 1st period - Shot Blocked by Jeremy Lauzon.
7:04 of 1st period - Minor Penalty to Jordan Kyrou for Slashing.
7:05 of 1st period - Tyler Toffoli wins face-off versus Jack Eichel in Blues zone.
7:05 of 1st period - Tyler Toffoli is hit by Justin Faulk.
8:00 of 1st period - Snap shot by Claude Giroux.
8:00 of 1st period - Stopped by Laurent Brossoit without a rebound.
8:01 of 1st period - Jack Eichel wins face-off versus Vincent Trocheck in Blues zone.
8:08 of 1st period - Snap shot by Mikael Granlund.
8:08 of 1st period - Stopped by Laurent Brossoit with a rebound.
8:58 of 1st period - Alexander Ovechkin is hit by Vincent Trocheck and loses puck.
9:04 of 1st period - Penalty to Jordan Kyrou is over, Jordan Kyrou is back on ice.
10:17 of 1st period - Josh Morrissey is hit by Jack Eichel and loses puck.
10:53 of 1st period - Tyler Toffoli is hit by Andy Miele and loses puck.
11:22 of 1st period - Joachim Blichfeld is hit by Mikael Granlund.
11:48 of 1st period - Jaden Schwartz is hit by Jeremy Lauzon and loses puck.
12:20 of 1st period - Off-side.
12:21 of 1st period - Markus Granlund wins face-off versus Wayne Simmonds in neutral zone.
12:44 of 1st period - Minor Penalty to Justin Faulk for Tripping.
12:45 of 1st period - Jaden Schwartz wins face-off versus Alexander Kerfoot in Predators zone.
13:00 of 1st period - Wrist shot by Jordan Kyrou.
13:00 of 1st period - Shot Blocked by Travis Dermott.
13:18 of 1st period - Slapshot by Nikolaj Ehlers.
13:18 of 1st period - Stopped by Felix Sanstrom with a rebound.
13:20 of 1st period - Slapshot by Henri Jokiharju.
13:20 of 1st period - Stopped by Felix Sanstrom with a rebound.
13:22 of 1st period - Slapshot by Tyler Toffoli.
13:22 of 1st period - Shot Blocked by Travis Dermott.
13:24 of 1st period - Wrist shot by Nikolaj Ehlers.
13:24 of 1st period - Shot Misses the Net.
13:26 of 1st period - Slapshot by Josh Morrissey.
13:26 of 1st period - Shot Misses the Net.
14:44 of 1st period - Penalty to Justin Faulk is over, Justin Faulk is back on ice.
15:25 of 1st period - Jack Eichel is hit by Rourke Chartier and loses puck.
15:55 of 1st period - Snap shot by Dominik Simon.
15:55 of 1st period - Shot Blocked by Morgan Rielly.
16:49 of 1st period - Jeremy Lauzon is hit by Claude Giroux and loses puck.
17:10 of 1st period - John Moore is hit by Henri Jokiharju.
17:26 of 1st period - Rourke Chartier is hit by Alexander Ovechkin and loses puck.
17:53 of 1st period - Scott Laughton is hit by Henri Jokiharju and loses puck.
18:26 of 1st period - Snap shot by Wayne Simmonds.
18:26 of 1st period - Shot Misses the Net.
18:28 of 1st period - Wrist shot by Rourke Chartier.
18:28 of 1st period - Shot Misses the Net.
18:46 of 1st period - Icing by Ryan Mcdonagh.
18:47 of 1st period - Scott Laughton wins face-off versus Tyler Toffoli in Predators zone.
18:52 of 1st period - Wrist shot by Dominik Simon.
18:52 of 1st period - Stopped by Felix Sanstrom without a rebound.
18:53 of 1st period - Tyler Toffoli wins face-off versus Jack Eichel in Predators zone.
18:57 of 1st period - Minor Penalty to Claude Giroux for Delaying the game.
18:58 of 1st period - Alexander Kerfoot wins face-off versus Jaden Schwartz in Predators zone.
19:25 of 1st period - Justin Faulk is hit by Nikolaj Ehlers and loses puck.
19:32 of 1st period - Snap shot by Dominik Simon.
19:32 of 1st period - Shot Blocked by Ryan Mcdonagh.
19:34 of 1st period - Wrist shot by Tyler Toffoli.
19:34 of 1st period - Stopped by Felix Sanstrom without a rebound.
19:35 of 1st period - Mathieu Joseph wins face-off versus Alexander Kerfoot in Predators zone.
19:35 of 1st period - Mathieu Joseph is hit by Josh Morrissey.
Goals for this period are 1 for Blues vs 0 for Predators.
Shots for this period are 6 for Blues vs 7 for Predators.

2nd period


0:01 of 2nd period - Alexander Kerfoot wins face-off versus Mark Pysyk in neutral zone.
0:57 of 2nd period - Penalty to Claude Giroux is over, Claude Giroux is back on ice.
1:12 of 2nd period - Snap shot by Joachim Blichfeld.
1:12 of 2nd period - Deflect By John Moore.
1:12 of 2nd period - Stopped by Felix Sanstrom without a rebound.
1:13 of 2nd period - Alexander Kerfoot wins face-off versus Jack Eichel in Predators zone.
1:16 of 2nd period - Wrist shot by Alexander Kerfoot.
1:16 of 2nd period - Stopped by Felix Sanstrom with a rebound.
1:24 of 2nd period - Slapshot by Justin Faulk.
1:24 of 2nd period - Shot Blocked by Alexander Kerfoot.
1:26 of 2nd period - Backhand shot by Justin Faulk.
1:26 of 2nd period - Shot Blocked by Filip Forsberg.
1:28 of 2nd period - Slapshot by Ryan Mcdonagh.
1:28 of 2nd period - Shot Misses the Net.
1:34 of 2nd period - Minor Penalty to Nikolaj Ehlers for Hooking.
1:35 of 2nd period - Claude Giroux wins face-off versus Tyler Toffoli in Blues zone.
3:34 of 2nd period - Penalty to Nikolaj Ehlers is over, Nikolaj Ehlers is back on ice.
3:35 of 2nd period - Snap shot by Jaden Schwartz.
3:35 of 2nd period - Deflect By Mark Pysyk.
3:35 of 2nd period - Shot Misses the Net.
3:35 of 2nd period - Puck is out of play.
3:36 of 2nd period - Mathieu Joseph wins face-off versus Alexander Kerfoot in Blues zone.
3:45 of 2nd period - Wrist shot by Filip Forsberg.
3:45 of 2nd period - Stopped by Felix Sanstrom without a rebound.
3:46 of 2nd period - Alexander Kerfoot wins face-off versus Andy Miele in Predators zone.
4:31 of 2nd period - Slapshot by Mathieu Joseph.
4:31 of 2nd period - Stopped by Laurent Brossoit with a rebound.
4:33 of 2nd period - Slapshot by John Moore.
4:33 of 2nd period - Stopped by Laurent Brossoit without a rebound.
4:34 of 2nd period - Tyler Toffoli wins face-off versus Jack Eichel in Blues zone.
4:39 of 2nd period - Slapshot by Henri Jokiharju.
4:39 of 2nd period - Shot Misses the Net.
4:47 of 2nd period - Wrist shot by Mikael Granlund.
4:47 of 2nd period - Shot Misses the Net.
6:13 of 2nd period - Filip Forsberg is hit by Alexander Ovechkin and loses puck.
7:02 of 2nd period - Wrist shot by Jaden Schwartz.
7:02 of 2nd period - Shot Blocked by Ethan Bear.
7:04 of 2nd period - Slapshot by Jaden Schwartz.
7:04 of 2nd period - Shot Misses the Net.
7:06 of 2nd period - Wrist shot by Reilly Smith.
7:06 of 2nd period - Goal by Reilly Smith - Blues : 1 - Predators : 1.
7:07 of 2nd period - Jack Eichel wins face-off versus Alexander Kerfoot in neutral zone.
7:33 of 2nd period - Dominik Simon is hit by Andy Miele and loses puck.
7:58 of 2nd period - Wrist shot by Travis Dermott.
7:58 of 2nd period - Stopped by Laurent Brossoit without a rebound.
7:59 of 2nd period - Scott Laughton wins face-off versus Alexander Kerfoot in Blues zone.
8:18 of 2nd period - Henri Jokiharju is hit by Ryan Mcdonagh and loses puck.
8:51 of 2nd period - Snap shot by Jaden Schwartz.
8:51 of 2nd period - Deflect By Reilly Smith.
8:51 of 2nd period - Shot Misses the Net.
8:51 of 2nd period - Puck is out of play.
8:52 of 2nd period - Tyler Toffoli wins face-off versus Jack Eichel in Blues zone.
8:55 of 2nd period - Snap shot by Mikael Granlund.
8:55 of 2nd period - Stopped by Laurent Brossoit without a rebound.
8:56 of 2nd period - Tyler Toffoli wins face-off versus Jack Eichel in Blues zone.
9:27 of 2nd period - Backhand shot by Joachim Blichfeld.
9:27 of 2nd period - Shot Misses the Net.
9:31 of 2nd period - Wrist shot by Joachim Blichfeld.
9:31 of 2nd period - Stopped by Felix Sanstrom with a rebound.
9:33 of 2nd period - Wrist shot by Jujhar Khaira.
9:33 of 2nd period - Stopped by Felix Sanstrom without a rebound.
9:34 of 2nd period - Jack Eichel wins face-off versus Nikolaj Ehlers in Predators zone.
9:34 of 2nd period - Jack Eichel is hit by Alexander Kerfoot.
9:48 of 2nd period - Snap shot by Nikolaj Ehlers.
9:48 of 2nd period - Shot Misses the Net.
9:50 of 2nd period - Snap shot by Filip Forsberg.
9:50 of 2nd period - Stopped by Felix Sanstrom without a rebound.
9:50 of 2nd period - Double Minor Penalty to Henri Jokiharju for High sticking.
9:51 of 2nd period - Jack Eichel wins face-off versus Tyler Toffoli in Blues zone.
9:52 of 2nd period - Slapshot by Claude Giroux.
9:52 of 2nd period - Shot Misses the Net.
9:54 of 2nd period - Snap shot by Claude Giroux.
9:54 of 2nd period - Goal by Claude Giroux - Blues : 1 - Predators : 2.
9:55 of 2nd period - Tyler Toffoli wins face-off versus Claude Giroux in neutral zone.
9:58 of 2nd period - Claude Giroux is hit by Cody Ceci and loses puck.
10:14 of 2nd period - Minor Penalty to Justin Faulk for High sticking.
10:15 of 2nd period - Jack Eichel wins face-off versus Alexander Kerfoot in Predators zone.
10:31 of 2nd period - Wrist shot by Mikael Granlund.
10:31 of 2nd period - Stopped by Laurent Brossoit without a rebound.
10:32 of 2nd period - Alexander Kerfoot wins face-off versus Jack Eichel in Blues zone.
11:54 of 2nd period - Penalty to Henri Jokiharju is over, Henri Jokiharju is back on ice.
12:07 of 2nd period - Mark Pysyk is hit by Dominik Simon and loses puck.
12:14 of 2nd period - Penalty to Justin Faulk is over, Justin Faulk is back on ice.
12:30 of 2nd period - Mathieu Joseph is hit by Vincent Trocheck and loses puck.
13:31 of 2nd period - Travis Dermott is hit by Jeremy Lauzon.
13:37 of 2nd period - Joachim Blichfeld is hit by Jack Eichel.
13:41 of 2nd period - Jack Eichel is hit by Ethan Bear and loses puck.
14:05 of 2nd period - Reilly Smith is hit by Alexander Kerfoot and loses puck.
14:30 of 2nd period - Snap shot by Reilly Smith.
14:30 of 2nd period - Shot Misses the Net.
15:36 of 2nd period - Backhand shot by Reilly Smith.
15:36 of 2nd period - Stopped by Laurent Brossoit with a rebound.
15:38 of 2nd period - Slapshot by Justin Faulk.
15:38 of 2nd period - Deflect By Scott Laughton.
15:38 of 2nd period - Shot Misses the Net.
15:38 of 2nd period - Puck is out of play.
15:39 of 2nd period - Alexander Kerfoot wins face-off versus Jack Eichel in Blues zone.
16:19 of 2nd period - Wrist shot by Alexander Kerfoot.
16:19 of 2nd period - Stopped by Felix Sanstrom with a rebound.
16:21 of 2nd period - Wrist shot by Seth Jones.
16:21 of 2nd period - Stopped by Felix Sanstrom without a rebound.
16:22 of 2nd period - Tyler Toffoli wins face-off versus Jack Eichel in Predators zone.
16:27 of 2nd period - Snap shot by Seth Jones.
16:27 of 2nd period - Deflect By Jordan Kyrou.
16:27 of 2nd period - Stopped by Felix Sanstrom with a rebound.
16:29 of 2nd period - Slapshot by Cody Ceci.
16:29 of 2nd period - Stopped by Felix Sanstrom with a rebound.
16:31 of 2nd period - Wrist shot by Jordan Kyrou.
16:31 of 2nd period - Stopped by Felix Sanstrom with a rebound.
16:33 of 2nd period - Snap shot by Jordan Kyrou.
16:33 of 2nd period - Stopped by Felix Sanstrom with a rebound.
16:46 of 2nd period - Icing by Morgan Rielly.
16:47 of 2nd period - Andy Miele wins face-off versus Vincent Trocheck in Predators zone.
16:47 of 2nd period - Andy Miele is hit by Jeremy Lauzon.
16:53 of 2nd period - Slapshot by Morgan Rielly.
16:53 of 2nd period - Stopped by Laurent Brossoit without a rebound.
16:54 of 2nd period - Andy Miele wins face-off versus Alexander Kerfoot in Blues zone.
16:55 of 2nd period - Snap shot by Mathieu Joseph.
16:55 of 2nd period - Shot Misses the Net.
17:21 of 2nd period - Justin Faulk is hit by Jujhar Khaira and loses puck.
18:36 of 2nd period - Snap shot by Rourke Chartier.
18:36 of 2nd period - Stopped by Felix Sanstrom without a rebound.
18:37 of 2nd period - Jack Eichel wins face-off versus Tyler Toffoli in Predators zone.
18:48 of 2nd period - Wrist shot by Claude Giroux.
18:48 of 2nd period - Stopped by Laurent Brossoit with a rebound.
18:50 of 2nd period - Wrist shot by Travis Dermott.
18:50 of 2nd period - Deflect By Claude Giroux.
18:50 of 2nd period - Stopped by Laurent Brossoit without a rebound.
18:51 of 2nd period - Jack Eichel wins face-off versus Alexander Kerfoot in Blues zone.
19:47 of 2nd period - Cody Ceci is hit by Andreas Englund and loses puck.
19:49 of 2nd period - Minor Penalty to Andy Miele for Tripping.
19:50 of 2nd period - Alexander Kerfoot wins face-off versus Jaden Schwartz in Predators zone.
19:53 of 2nd period - Wrist shot by Filip Forsberg.
19:53 of 2nd period - Goal by Filip Forsberg - Blues : 2 - Predators : 2.
19:54 of 2nd period - Jack Eichel wins face-off versus Alexander Kerfoot in neutral zone.
19:57 of 2nd period - Snap shot by Claude Giroux.
19:57 of 2nd period - Shot Misses the Net.
Goals for this period are 1 for Blues vs 2 for Predators.
Shots for this period are 14 for Blues vs 11 for Predators.

3rd period


0:01 of 3rd period - Alexander Kerfoot wins face-off versus Jack Eichel in neutral zone.
0:26 of 3rd period - Scott Laughton is hit by Dominik Simon and loses puck.
1:19 of 3rd period - Snap shot by Alexander Kerfoot.
1:19 of 3rd period - Shot Blocked by Jack Eichel.
1:21 of 3rd period - Slapshot by Josh Morrissey.
1:21 of 3rd period - Shot Misses the Net.
1:49 of 3rd period - Tyler Toffoli is hit by Travis Dermott and loses puck.
2:05 of 3rd period - Off-side.
2:06 of 3rd period - Jack Eichel wins face-off versus Alexander Kerfoot in neutral zone.
2:39 of 3rd period - Snap shot by Jaden Schwartz.
2:39 of 3rd period - Stopped by Laurent Brossoit without a rebound.
2:40 of 3rd period - Jack Eichel wins face-off versus Tyler Toffoli in Blues zone.
2:51 of 3rd period - Wrist shot by Mikael Granlund.
2:51 of 3rd period - Stopped by Laurent Brossoit with a rebound.
2:53 of 3rd period - Slapshot by Andreas Englund.
2:53 of 3rd period - Shot Misses the Net.
2:55 of 3rd period - Wrist shot by Andreas Englund.
2:55 of 3rd period - Shot Blocked by Ethan Bear.
3:01 of 3rd period - Minor Penalty to Tyler Toffoli for Cross-checking.
3:02 of 3rd period - Jack Eichel wins face-off versus Jujhar Khaira in Blues zone.
4:01 of 3rd period - Ryan Mcdonagh is hit by Dominik Simon.
4:41 of 3rd period - Snap shot by Vincent Trocheck.
4:41 of 3rd period - Shot Misses the Net.
5:01 of 3rd period - Penalty to Tyler Toffoli is over, Tyler Toffoli is back on ice.
5:36 of 3rd period - Slapshot by Alexander Kerfoot.
5:36 of 3rd period - Stopped by Felix Sanstrom without a rebound.
5:37 of 3rd period - Andy Miele wins face-off versus Alexander Kerfoot in Predators zone.
5:42 of 3rd period - Alexander Kerfoot is hit by Mathieu Joseph and loses puck.
7:00 of 3rd period - Snap shot by Jaden Schwartz.
7:00 of 3rd period - Shot Misses the Net.
7:02 of 3rd period - Snap shot by Scott Laughton.
7:02 of 3rd period - Shot Misses the Net.
7:04 of 3rd period - Snap shot by Scott Laughton.
7:04 of 3rd period - Deflect By Jaden Schwartz.
7:04 of 3rd period - Shot Misses the Net.
7:04 of 3rd period - Puck is out of play.
7:05 of 3rd period - Scott Laughton wins face-off versus Tyler Toffoli in Blues zone.
7:28 of 3rd period - Snap shot by Jaden Schwartz.
7:28 of 3rd period - Deflect By Reilly Smith.
7:28 of 3rd period - Goal by Reilly Smith - Blues : 2 - Predators : 3.
7:29 of 3rd period - Alexander Kerfoot wins face-off versus Jack Eichel in neutral zone.
8:06 of 3rd period - Off-side.
8:07 of 3rd period - Alexander Kerfoot wins face-off versus Jack Eichel in neutral zone.
8:09 of 3rd period - Off-side.
8:10 of 3rd period - Alexander Kerfoot wins face-off versus Claude Giroux in neutral zone.
8:13 of 3rd period - Wrist shot by Filip Forsberg.
8:13 of 3rd period - Shot Misses the Net.
8:41 of 3rd period - Wrist shot by Andy Miele.
8:41 of 3rd period - Stopped by Laurent Brossoit with a rebound.
8:43 of 3rd period - Slapshot by Ryan Mcdonagh.
8:43 of 3rd period - Shot Misses the Net.
8:45 of 3rd period - Slapshot by Andy Miele.
8:45 of 3rd period - Stopped by Laurent Brossoit without a rebound.
8:46 of 3rd period - Tyler Toffoli wins face-off versus Jack Eichel in Blues zone.
8:57 of 3rd period - Snap shot by Tyler Toffoli.
8:57 of 3rd period - Stopped by Felix Sanstrom without a rebound.
8:58 of 3rd period - Tyler Toffoli wins face-off versus Jack Eichel in Predators zone.
9:25 of 3rd period - Claude Giroux is hit by Joachim Blichfeld and loses puck.
10:37 of 3rd period - Snap shot by Mark Pysyk.
10:37 of 3rd period - Shot Blocked by Cody Ceci.
10:45 of 3rd period - Snap shot by Henri Jokiharju.
10:45 of 3rd period - Stopped by Felix Sanstrom without a rebound.
10:46 of 3rd period - Scott Laughton wins face-off versus Alexander Kerfoot in Predators zone.
11:27 of 3rd period - Slapshot by Dominik Simon.
11:27 of 3rd period - Stopped by Felix Sanstrom without a rebound.
11:28 of 3rd period - Andy Miele wins face-off versus Jujhar Khaira in Predators zone.
11:44 of 3rd period - Icing by Travis Dermott.
11:45 of 3rd period - Andy Miele wins face-off versus Alexander Kerfoot in Predators zone.
12:32 of 3rd period - Backhand shot by Travis Dermott.
12:32 of 3rd period - Stopped by Laurent Brossoit with a rebound.
12:34 of 3rd period - Wrist shot by Jaden Schwartz.
12:34 of 3rd period - Shot Misses the Net.
12:36 of 3rd period - Slapshot by John Moore.
12:36 of 3rd period - Shot Misses the Net.
12:38 of 3rd period - Snap shot by John Moore.
12:38 of 3rd period - Stopped by Laurent Brossoit with a rebound.
12:40 of 3rd period - Backhand shot by John Moore.
12:40 of 3rd period - Stopped by Laurent Brossoit with a rebound.
12:47 of 3rd period - Minor Penalty to Joachim Blichfeld for Interference.
12:48 of 3rd period - Pierre Engvall wins face-off versus Jack Eichel in Blues zone.
14:30 of 3rd period - Mikael Granlund is hit by Vincent Trocheck and loses puck.
14:47 of 3rd period - Penalty to Joachim Blichfeld is over, Joachim Blichfeld is back on ice.
15:04 of 3rd period - Snap shot by Seth Jones.
15:04 of 3rd period - Shot Misses the Net.
15:41 of 3rd period - Andreas Englund is hit by Nikolaj Ehlers and loses puck.
17:12 of 3rd period - Off-side.
17:13 of 3rd period - Vincent Trocheck wins face-off versus Scott Laughton in neutral zone.
17:16 of 3rd period - Wrist shot by Vincent Trocheck.
17:16 of 3rd period - Stopped by Felix Sanstrom with a rebound.
18:00 of 3rd period - Slapshot by Travis Dermott.
18:00 of 3rd period - Shot Misses the Net.
18:06 of 3rd period - Wrist shot by Travis Dermott.
18:06 of 3rd period - Shot Misses the Net.
18:55 of 3rd period - Blues, Laurent Brossoit is pulled from the net.
18:57 of 3rd period - Snap shot by Filip Forsberg.
18:57 of 3rd period - Shot Misses the Net.
18:59 of 3rd period - Wrist shot by Seth Jones.
18:59 of 3rd period - Stopped by Felix Sanstrom with a rebound.
19:35 of 3rd period - Snap shot by Alexander Kerfoot.
19:35 of 3rd period - Stopped by Felix Sanstrom with a rebound.
19:37 of 3rd period - Snap shot by Filip Forsberg.
19:37 of 3rd period - Shot Misses the Net.
19:39 of 3rd period - Snap shot by Jeremy Lauzon.
19:39 of 3rd period - Shot Blocked by Scott Laughton.
19:41 of 3rd period - Slapshot by Jeremy Lauzon.
19:41 of 3rd period - Stopped by Felix Sanstrom with a rebound.
19:43 of 3rd period - Snap shot by Nikolaj Ehlers.
19:43 of 3rd period - Stopped by Felix Sanstrom without a rebound.
19:44 of 3rd period - Paul Kariya call a timeout for Blues.
19:44 of 3rd period - Alexander Kerfoot wins face-off versus Andy Miele in Predators zone.
19:49 of 3rd period - Snap shot by Alexander Kerfoot.
19:49 of 3rd period - Stopped by Felix Sanstrom without a rebound.
19:50 of 3rd period - Alexander Kerfoot wins face-off versus Andy Miele in Predators zone.
Goals for this period are 0 for Blues vs 1 for Predators.
Shots for this period are 10 for Blues vs 8 for Predators. Output by the SimonT Hockey Simulator (STHS) for Francois Prevost - Original Page W3C HTML5 Valid
Hockey Simulator - Hockey Simulation - Hockey Manager